 Dungeon Crawl Stone Soup version 0.29.1-2-gbd0b4ee654 (webtiles) character file.

Game seed: 8572643355682074134

1320 qeuew the Shooter (level 8, -4/48 HPs)
             Began as a Tengu Hunter on Nov 15, 2022.
             Was a Follower of Dithmenos.
             Slain by a troll (14 damage)
             ... on level 6 of the Dungeon.
             The game lasted 00:08:45 (5885 turns).

qeuew the Shooter (Tengu Hunter)                    Turns: 5885, Time: 00:08:46

Health: -4/48      AC: 12    Str: 13    XL:     8   Next: 59%
Magic:  9/9        EV: 17    Int: 14    God:    Dithmenos [*.....]
Gold:   285        SH:  0    Dex: 24    Spells: 7/7 levels left

rFire   x . .      SeeInvis .   c - +7 hand axe "Tunev" {protect, rElec rF- rN+ Int+4}
rCold   . . .      Faith    .   (no shield)
rNeg    + . .      Spirit   .   k - +0 ring mail
rPois   +          Reflect  .   (helmet restricted)
rElec   +          Harm     .   (no cloak)
rCorr   .          Rampage  .   (no gloves)
Will    .....                   (boots unavailable)
Stlth   +++.......              (no amulet)
HPRegen 0.16/turn               j - +6 ring of dexterity
MPRegen 0.11/turn               h - ring of poison resistance

@: under a protective aura, flying quickly and evasively, wreathed by umbra,
quick
A: beak, talons 3, nimble flight, claws 1
a: Renounce Religion


You were on level 6 of the Dungeon.
You worshipped Dithmenos.
Dithmenos was aware of your devotion.
You visited 1 branch of the dungeon, and saw 6 of its levels.

You collected 285 gold pieces.

Inventory:

Hand Weapons
 a - a +0 shortbow
 c - the +7 hand axe "Tunev" (weapon) {protect, rElec rF- rN+ Int+4}
   (You found it on level 4 of the Dungeon)

   It grants its wielder temporary protection when it strikes (+7 to AC).
   Int:       It affects your intelligence (+4).
   rF:        It makes you vulnerable to fire.
   rElec:     It insulates you from electricity.
   rN:        It protects you from negative energy.
Armour
 k - a +0 ring mail (worn)
Jewellery
 h - a ring of poison resistance (right claw)
 j - a +6 ring of dexterity (left claw)
Wands
 b - a wand of polymorph (13)
 l - a wand of iceblast (11)
Scrolls
 n - a scroll of blinking
 o - a scroll of fear
Potions
 d - a potion of flight {unknown}
 f - 2 potions of curing
 i - 2 potions of brilliance
 m - 3 potions of haste


   Skills:
 + Level 4.6 Fighting
 + Level 3.8 Axes
 + Level 6.4 Ranged Weapons
 + Level 4.2 Armour
 + Level 5.1 Dodging
 + Level 4.4 Stealth


You had 7 spell levels left.
You didn't know any spells.
Your spell library contained the following spells:

 Spells                   Type           Power      Damage    Failure   Level
 Shock                    Conj/Air       0%         1d3       52%         1
 Slow                     Hex            0%         N/A       52%         1
 Confusing Touch          Hex            0%         N/A       87%         3
 Gell's Gravitas          Tloc           0%         N/A       87%         3
 Swiftness                Air            0%         N/A       87%         3
 Teleport Other           Tloc           0%         N/A       87%         3
 Vampiric Draining        Necr           0%         2d6       87%         3
 Airstrike                Air            0%         2d(0-16)  99%         4
 Dispersal                Tloc           0%         N/A       100%        6


Dungeon Overview and Level Annotations

Branches:
Dungeon (6/15)             Temple (0/1) D:5

Altars:
Cheibriados
Dithmenos
Gozag
Makhleb
Nemelex Xobeh
Zin

Shops:
D:2 *   D:4 (:


Innate Abilities, Weirdness & Mutations

You have a beak for a mouth.
You have claws for feet.
Your magical nature lets you fly swiftly and evasively.
You have sharp fingernails.


Message History

The troll is heavily wounded.
A troll is nearby!
You shoot an arrow. The arrow hits the troll.
The troll is severely wounded.
The troll bites you! The troll closely misses you. The troll barely misses you.
You shoot an arrow.
The arrow hits the troll but does no damage.
The troll is heavily wounded.
The troll barely misses you. The troll closely misses you. The troll claws you.
You shoot an arrow. The arrow closely misses the troll.
The troll bites you but does no damage. The troll completely misses you.
The troll misses you.
You shoot an arrow. The arrow hits the troll.
The troll is heavily wounded.
The troll misses you. The troll claws you. x2
You are too injured to fight recklessly!
You are too injured to fight recklessly!
You are too injured to fight recklessly!
You are too injured to fight recklessly!
You feel clever.
The +7 hand axe "Tunev" {protect, rElec rF- rN+ Int+4} hums with potential!
c - the +7 hand axe "Tunev" (weapon)
{protect, rElec rF- rN+ Int+4} The troll closely misses you.
The troll claws you!
* * * LOW HITPOINT WARNING * * *
The troll closely misses you.
You closely miss the troll. You claw the troll.
You claw the troll, but do no damage.
The troll is heavily wounded.
The troll misses you. x2; The troll barely misses you.
You hit the troll.
Your weapon exudes an aura of protection.
You claw the troll.
The troll is severely wounded.
The troll bites you!
* * * LOW HITPOINT WARNING * * *
The troll claws you.
* * * LOW HITPOINT WARNING * * *
The troll completely misses you.
You feel better. The troll bites you!
You die...

#..#...........###.##.####.##...#
#..#######.......####.# #.# ####
.........#.......# ... ...
.........#.......# .... ....
.........#.......#............
.........#.......# .....
.........#.......#
###...##.#.....T.#+###
..#...##.#######@....#
..'............#.....#
..#............#.....#
..#............#.....#
..#...##.......#.....#
..#'############.....#
..#............#.....#
...............#.....#
...............#.....#


You could see a troll.

Vanquished Creatures
  Pikel (D:4)
  A water moccasin (D:5)
  2 centaurs
  2 phantoms
  A bullfrog (D:6)
  A scorpion (D:4)
  A hound (D:5)
  A jelly (D:4)
  An orc priest (D:4)
  An iguana (D:5)
  An orc wizard (D:5)
  6 adders
  A white imp (D:6)
  An ufetubus (D:6)
  A dart slug (D:2)
  9 orcs
  5 ball pythons
  7 endoplasms
  A giant cockroach (D:4)
  6 goblins
  8 hobgoblins
  7 jackals
  8 kobolds
  8 quokkas
  5 bats
  2 frilled lizards (D:1)
  3 rats
91 creatures vanquished.

Vanquished Creatures (others)
  A plant (D:1)
1 creature vanquished.

Grand Total: 92 creatures vanquished

Notes
Turn   | Place    | Note
-------+----------+-------------------------------------------
     0 | D:1      | qeuew the Tengu Hunter began the quest for the Orb.
     0 | D:1      | Reached XP level 1. HP: 12/12 MP: 2/2
   162 | D:1      | Reached XP level 2. HP: 17/17 MP: 3/3
   331 | D:1      | Reached skill level 1 in Armour
   340 | D:1      | Found a faded altar of an unknown god.
   429 | D:1      | Reached XP level 3. HP: 21/21 MP: 4/4
   947 | D:2      | Found Iratti's Assorted Antiques.
  1439 | D:2      | Reached XP level 4. HP: 14/27 MP: 5/5
  2141 | D:3      | Found a shadowy altar of Dithmenos.
  2187 | D:3      | Became a worshipper of Dithmenos the Shadowed
  2236 | D:3      | Found an opulent altar of Gozag.
  2236 | D:3      | Found a faded altar of an unknown god.
  2261 | D:4      | Identified the +7 hand axe "Tunev" {protect, rElec rF- rN+
                  | Int+4}
  2301 | D:4      | Noticed a centaur
  2317 | D:4      | Noticed a phantom
  2325 | D:4      | Killed a centaur
  2326 | D:4      | Reached skill level 1 in Axes
  2326 | D:4      | Reached skill level 5 in Ranged Weapons
  2326 | D:4      | Gained mutation: Your magical nature lets you fly swiftly
                  | and evasively. [Tengu growth]
  2326 | D:4      | Reached XP level 5. HP: 15/32 MP: 6/6
  2328 | D:4      | Found Mias's Self-Improvement Boutique.
  2336 | D:4      | Killed a phantom
  2337 | D:4      | Reached XP level 6. HP: 5/37 MP: 7/7
  2629 | D:4      | Found a glowing silver altar of Zin.
  2629 | D:4      | Found a burning altar of Makhleb.
  2630 | D:4      | Noticed a balrug
  2630 | D:4      | Noticed an angel
  2927 | D:4      | Noticed Pikel
  2947 | D:4      | Killed Pikel
  2948 | D:4      | Reached XP level 7. HP: 3/43 MP: 8/8
  3256 | D:4      | Found Gaidd's Antique Weapon Shop.
  3384 | D:4      | Reached XP level 8. HP: 48/48 MP: 9/9
  4016 | D:5      | Entered Level 5 of the Dungeon
  4286 | D:5      | Reached skill level 6 in Ranged Weapons
  4581 | D:5      | Reached * piety under Dithmenos
  4940 | D:5      | Found a sparkling altar of Nemelex Xobeh.
  4967 | D:5      | Found a snail-covered altar of Cheibriados.
  5190 | D:5      | Found a staircase to the Ecumenical Temple.
  5292 | D:5      | Gained mutation: Armour fits poorly on your strangely
                  | shaped body. [potion of mutation]
  5292 | D:5      | Lost mutation: Armour fits poorly on your strangely shaped
                  | body. [potion of mutation]
  5293 | D:5      | Gained mutation: You are robust. (+10% HP) [potion of
                  | mutation]
  5293 | D:5      | Lost mutation: You are robust. (+10% HP) [potion of
                  | mutation]
  5293 | D:5      | Gained mutation: You have sharp fingernails. [potion of
                  | mutation]
  5485 | D:6      | Reached skill level 5 in Dodging
  5874 | D:6      | Noticed a troll
  5884 | D:6      | HP: 2/48 [troll (2)]
  5885 | D:6      | Slain by a troll

Illustrated notes

Levels and vault maps discovered:
D:1:      dpeg_arrival_tiny_g, layout_basic, dreamdust_ecumenical_altar_grove
D:2:      layout_loops_ring, serial_shops, nicolae_shop_overgrown_old_shop
D:3:      layout_basic, nicolae_overflow_ecumenical_swirl,
          nicolae_dithmenos_shadow_blocks, corexii_hall_statues_i
D:4:      layout_loops_cross, grunt_temple_overflow_order_and_chaos_2,
          serial_shops, shop, nicolae_shop_self_help, uniq_pikel
D:5:      layout_basic, mainiacjoe_overflow_alcove_2,
          nemelex_spade_bored_becter, minmay_temple_entry_fiery,
          minmay_crystal_room
D:6:      layout_gridville, ebering_ghost_reflecting_pool

Skill      XL: |  1  2  3  4  5  6  7  8 |
---------------+-------------------------+-----
Armour         | 1 2 3 4 |  4.2
Stealth        | 2 3 4 |  4.4
Dodging        | 3 4 5 |  5.1
Axes           | 1 3 |  3.8
Ranged Weapons | 5 6 |  6.4
Fighting       | 3 4 |  4.6

Action                   |  1- 3 |  4- 6 |  7- 9 || total
-------------------------+-------+-------+-------++-------
Melee: Hand axe          |       |    27 |    18 ||    45
       Kick              |       |     7 |     5 ||    12
       Peck              |       |     6 |     3 ||     9
       Punch             |       |       |     1 ||     1
 Fire: Shortbow          |    96 |    72 |   103 ||   271
  Use: Scroll            |     6 |     6 |     3 ||    15
       Potion            |     1 |       |     3 ||     4
Armor: Leather armour    |     4 |       |       ||     4
       Ring mail         |     6 |    27 |    22 ||    55
Dodge: Dodged            |    13 |    58 |    70 ||   141
